 Dungeon Crawl Stone Soup version 0.30-a0-25-gacc37e2db0 (webtiles) character file.

Game seed: 9725837086768441379

114 Plasmagod the Changer (level 4, -1/35 HPs)
             Began as a Draconian Transmuter on Aug 25, 2022.
             Slain by an ufetubus (2 damage)
             ... on level 4 of the Dungeon.
             The game lasted 00:02:57 (2873 turns).

Plasmagod the Changer (Draconian Transmuter)        Turns: 2873, Time: 00:02:58

Health: -1/35      AC:  5    Str: 12      XL:     4   Next: 67%
Magic:  7/7        EV: 12    Int: 15      God:
Gold:   127        SH:  0    Dex:  9 (12) Spells: 6/7 levels left

rFire   . . .      SeeInvis .    d - +4 mace
rCold   . . .      Faith    .    (no shield)
rNeg    . . .      Spirit   .    (body armour unavailable)
rPois   .          Reflect  .    (helmet restricted)
rElec   .          Harm     .    (no cloak)
rCorr   .          Rampage  .    (no gloves)
Will    .....                    (no boots)
Stlth   +.........               k - amulet of magic regeneration
HPRegen 0.11/turn                (no ring)
MPRegen 0.50/turn                (no ring)

@: no status effects
A: AC +5, unfitting armour, cold-blooded
a: no special abilities


You were on level 4 of the Dungeon.
You visited 1 branch of the dungeon, and saw 4 of its levels.

You collected 127 gold pieces.

Inventory:

Hand Weapons
 b - a +0 vampiric hand axe
 d - a +4 mace (weapon)
Jewellery
 k - an amulet of magic regeneration (around neck)
 n - an amulet of guardian spirit
Scrolls
 c - a scroll of summoning {unknown}
 e - 4 scrolls of identify {unknown}
 f - a scroll of fear {unknown}
 j - a scroll of enchant armour {unknown}
 l - a scroll of poison {unknown}
 r - 2 scrolls of blinking {unknown}
Potions
 a - 3 potions of lignification
 g - a potion of mutation {unknown}
 h - 2 potions of curing {unknown}
 i - 3 potions of attraction {unknown}
 m - a potion of invisibility {unknown}
 o - a potion of heal wounds {unknown}
 p - a potion of flight {unknown}
 q - a potion of degeneration {unknown}
 s - a potion of brilliance {unknown}
 t - a potion of might {unknown}


   Skills:
 - Level 1.1 Fighting
 - Level 1.7 Dodging
 - Level 3.0 Unarmed Combat
 - Level 2.0 Spellcasting
 + Level 5.0 Transmutations


You had 6 spell levels left.
You knew the following spells:

 Your Spells              Type           Power      Damage    Failure   Level
a - Beastly Appendage     Tmut           32%        N/A       2%          1

Your spell library contained the following spells:

 Spells                   Type           Power      Damage    Failure   Level
 Wereblood                Tmut           16%        N/A       4%          2
 Necrotise                Necr           4%         1d4       22%         1
 Spider Form              Tmut/Pois      9%         N/A       24%         3
 Vampiric Draining        Necr           1%         2d6       54%         3
 Ice Form                 Ice/Tmut       9%         N/A       61%         4
 Agony                    Necr           1%         N/A       99%         5


Dungeon Overview and Level Annotations

Branches:
Dungeon (4/15)
 Temple: D:4-7

Altars:
Gozag

Shops:
D:1 !


Innate Abilities, Weirdness & Mutations

Your plain brown scales are hard. (AC +5)
You cannot fit into any form of body armour.
You are cold-blooded and may be slowed by cold attacks.


Message History

* * * LOW HITPOINT WARNING * * *
The ufetubus closely misses you. The quasit bites you.
* * * LOW HITPOINT WARNING * * *
The quasit claws you but does no damage.
The quasit closely misses you.
You barely miss the quasit.
The quasit is severely wounded.
The ufetubus misses you.
The ufetubus hits you but does no damage.
The quasit bites you but does no damage.
The quasit barely misses you.
The quasit claws you but does no damage.
The ufetubus hits you but does no damage.
The ufetubus barely misses you. The quasit closely misses you.
The quasit claws you but does no damage. x2
You barely miss the quasit.
The quasit is severely wounded.
The ufetubus closely misses you. x2; The quasit barely misses you. x2
The quasit claws you but does no damage.
The ufetubus barely misses you. The ufetubus completely misses you.
The quasit closely misses you. The quasit claws you.
* * * LOW HITPOINT WARNING * * *
The quasit claws you but does no damage.
You hit the quasit.
You kill the quasit!
You hear the rusting of a distant drain.
The ufetubus closely misses you. The ufetubus completely misses you.
The ufetubus barely misses you. The ufetubus misses you.
You feel your dexterity returning.
Your Transmutations skill increases to level 5!
You hit the ufetubus.
The ufetubus is lightly wounded.
The ufetubus barely misses you. x2; The ufetubus hits you.
* * * LOW HITPOINT WARNING * * *
The ufetubus hits you.
* * * LOW HITPOINT WARNING * * *
You closely miss the ufetubus.
The ufetubus is lightly wounded.
The ufetubus hits you.
You die...

..PP....#....÷........
♣P♣....#....#........
#...<.#....#........
#.....#'####.......#
####..........######
#..........#
+..........#
#..........#
#.@..)..>..#
#..5.......#
#..........#
#.......... ..........
.....###### .∩....
.......


You could see an ufetubus.

Vanquished Creatures
  A quasit (D:4)
  3 adders
  An ufetubus (D:4)
  2 dart slugs
  5 endoplasms
  A giant cockroach (D:3)
  7 goblins
  3 hobgoblins
  4 jackals (D:3)
  3 kobolds
  A quokka (D:1)
  5 ball pythons
  6 bats
  3 frilled lizards
  2 rats (D:1)
47 creatures vanquished.

Notes
Turn   | Place    | Note
-------+----------+-------------------------------------------
     0 | D:1      | Plasmagod the Draconian Transmuter began the quest for the
                  | Orb.
     0 | D:1      | Reached XP level 1. HP: 16/16 MP: 3/3
   125 | D:1      | Found Eciacapt's Distillery.
   293 | D:1      | Reached XP level 2. HP: 21/23 MP: 5/5
   398 | D:1      | Found a faded altar of an unknown god.
   438 | D:1      | Reached skill level 3 in Transmutations
  1374 | D:2      | Reached XP level 3. HP: 16/28 MP: 6/6
  2227 | D:3      | Reached skill level 4 in Transmutations
  2508 | D:3      | Noticed a scorpion
  2577 | D:3      | Found a faded altar of an unknown god.
  2582 | D:3      | Found an opulent altar of Gozag.
  2622 | D:3      | Reached XP level 4. HP: 35/35 MP: 7/7
  2872 | D:4      | Reached skill level 5 in Transmutations
  2872 | D:4      | HP: 1/35 [ufetubus (3)]
  2873 | D:4      | Slain by an ufetubus

Illustrated notes

Levels and vault maps discovered:
D:1:      dpeg_arrival_arbitrary_c, layout_basic,
          hellmonk_ecumenical_altar_heavens_door, serial_shops, shop
D:2:      layout_loops_corners, minmay_misc_feat_alley, roderic_lattice_a
D:3:      layout_rooms, nicolae_overflow_ecumenical_swirl, trog_wizard,
          mainiacjoe_overflow_alcove_2
D:4:      layout_gridville, serial_demonic, serial_demonic_d, serial_demonic_b,
          serial_demonic_a, serial_demonic_g, serial_demonic_c,
          serial_demonic_g, serial_demonic_d, lightli_sewer_entry_pipes,
          minmay_ruined_shrine

Skill      XL: |  1  2  3  4 |
---------------+-------------+-----
Transmutations | 3 4 5 |  5.0
Fighting       | |  1.1
Dodging        | |  1.7
Unarmed Combat | |  3.0
Spellcasting   | |  2.0

Action                   |  1- 3 |  4- 6 || total
-------------------------+-------+-------++-------
Melee: Mace              |   106 |    29 ||   135
       Tailslap          |     7 |     1 ||     8
       Punch             |     4 |       ||     4
 Stab: Sleeping          |     3 |       ||     3
Armor: Skin              |    45 |    47 ||    92
Dodge: Dodged            |   104 |    71 ||   175

Table legend: (Time is in decaauts)
 A = Elapsed time spent in this place.
 B = Non-inter-level travel time spent in this place.
 C = Inter-level travel time spent in this place.
 D = Time resting spent in this place.
 E = Time spent auto-exploring this place.
 F = Levels seen in this place.
 G = Mean time per level.
                   A        B        C        D        E       F      G
               +--------+--------+--------+--------+--------+-----+--------+
         Total |   2925 |   2896 |     29 |      0 |   2491 |   4 |  731.2 |
       Dungeon |   2925 |   2896 |     29 |      0 |   2491 |   4 |  731.2 |
               +--------+--------+--------+--------+--------+-----+--------+

Top non-repeatable levels by time:
     D:2: 1227 daAuts
     D:1: 1016 daAuts
     D:3: 425 daAuts
     D:4: 256 daAuts
